 Dungeon Crawl Stone Soup version 0.17-a0-2208-ge5ab1d3 (webtiles) character file.

102 tp1 the Magician (level 4, -2/24 HPs)
             Began as a Deep Elf Conjurer on Oct 26, 2015.
             Slain by a centaur (8 damage)
             ... on level 3 of the Dungeon.
             The game lasted 00:11:29 (2692 turns).

tp1 the Magician (Deep Elf Conjurer)                Turns: 2692, Time: 00:11:30

Health: -2/24      AC:  2    Str:  5    XL:     4   Next: 49%
Magic:  2/14       EV: 12    Int: 21    God:
Gold:   97         SH:  3    Dex: 15    Spells: 3 memorised, 9 levels left

rFire  . . .     SeeInvis .     g - +1 short sword (flame)
rCold  . . .     Clarity  .     a - +0 robe
rNeg   . . .     SustAt   .     o - +0 buckler
rPois  .         Gourm    .     (no helmet)
rElec  .         Spirit   .     (no cloak)
rCorr  .         Warding  .     (no gloves)
rMut   .         Stasis   .     (no boots)
MR     .....                    (no amulet)
Stlth  ++........               r - ring of wizardry
                                q - ring of wizardry

@: very slightly contaminated, not resistant to hostile enchantments, unstealthy
A: no striking features
a: no special abilities


You were on level 3 of the Dungeon.
You were not hungry.

You visited 1 branch of the dungeon, and saw 3 of its levels.

You collected 97 gold pieces.

Inventory:

Hand Weapons
 g - a +1 short sword of flaming (weapon)
Armour
 a - a +0 robe (worn)
 o - a +0 buckler (worn)
Jewellery
 q - a ring of wizardry (left hand)
 r - a ring of wizardry (right hand)
Scrolls
 d - a scroll of noise {unknown}
 h - a scroll of enchant weapon {unknown}
 j - 3 scrolls of identify {unknown}
 l - a scroll of teleportation {unknown}
 m - 2 scrolls of fog {unknown}
 s - a scroll of blinking {unknown}
 v - a scroll of remove curse {unknown}
Potions
 e - 3 potions of curing {unknown}
 k - a potion of mutation {unknown}
 n - a potion of invisibility {unknown}
 t - a potion of flight {unknown}
 u - a potion of poison {unknown}
Books
 b - a book of Conjurations

   Spells                             Type                      Level
   a - Magic Dart                     Conjuration                  1
   b - Searing Ray                    Conjuration                  2
   c - Dazzling Spray                 Conjuration/Hexes            3
   d - Fulminant Prism                Conjuration/Hexes            4
   e - Iskenderun's Mystic Blast      Conjuration                  4
   f - Iskenderun's Battlesphere      Conjuration/Charms           5
Comestibles
 c - 2 bread rations
 f - a beef jerky
 i - a royal jelly
 p - 2 chunks of flesh


   Skills:
 - Level 2.4 Dodging
 - Level 2.4 Stealth
 - Level 6.0 Spellcasting
 + Level 4.8 Conjurations


You had 9 spell levels left.
You knew the following spells:

 Your Spells              Type           Power        Failure   Level  Hunger
a - Magic Dart            Conj           ####         1%          1    None
b - Searing Ray           Conj           ####..       1%          2    None
c - Dazzling Spray        Conj/Hex       ###.....     5%          3    ##.....


Dungeon Overview and Level Annotations

Branches:
Dungeon (3/15)

Altars:
Fedhas


Message History

The centaur shoots an arrow.
The arrow hits you!
Ouch! That really hurt!
* * * LOW HITPOINT WARNING * * *
Casting: Dazzling Spray
Confirm with . or Enter, or press ? or * to list all spells.
Aiming: Searing Ray
Press: ? - help, Shift-Dir - straight line, f - orc
Aim: an orc, wielding a dagger (severely wounded, blind)
The searing ray hits the orc.
You kill the orc!
You hear a shout!
The kobold wields a blowgun.
The kobold shoots a poisoned needle.
The poisoned needle closely misses you.
The searing ray hits the centaur.
The centaur is moderately wounded.
The searing ray hits the centaur.
The centaur is severely wounded.
The centaur unwields an uncursed shortbow.
The centaur hits you!
You die...

#. #.# #####
.Ko.##...##
.o#.....#
.S.....#
#....<# #c..#
#@# ##(# #..#
# #.##
#.####.#
######......#
............#
##..#######>.#
##.##..# #..#


You could see a centaur, an adder (blind), 2 orcs and a kobold.

Vanquished Creatures
  5 adders
  4 worms (D:2)
  2 orcs (D:3)
  3 bats (D:1)
  8 goblins
  5 hobgoblins
  11 kobolds
  2 quokkas (D:2)
  A giant newt (D:2)
  2 jackals (D:2)
  2 rats
45 creatures vanquished.

Notes
Turn   | Place    | Note
--------------------------------------------------------------
     0 | D:1      | tp1 the Deep Elf Conjurer began the quest for the Orb.
     0 | D:1      | Reached XP level 1. HP: 10/10 MP: 6/6
   415 | D:1      | Reached XP level 2. HP: 15/15 MP: 6/9
  1795 | D:2      | Reached XP level 3. HP: 19/19 MP: 2/11
  1799 | D:2      | Learned a level 2 spell: Searing Ray
  1803 | D:2      | Learned a level 3 spell: Dazzling Spray
  1831 | D:2      | Reached skill level 5 in Spellcasting
  2136 | D:2      | Found a blossoming altar of Fedhas.
  2336 | D:2      | Reached skill level 6 in Spellcasting
  2336 | D:2      | Reached XP level 4. HP: 24/24 MP: 9/14
  2684 | D:3      | Noticed a centaur
  2692 | D:3      | Slain by a centaur

Vault maps used:
D:1:      dpeg_arrival_round_a
D:2:      fedhas_altar_3
D:3:      first_bread, grunt_gozag_breadcrumbs

Action                   |  1- 3 |  4- 6 || total
-------------------------+-------+-------++-------
Melee: Short sword       |    11 |       ||    11
 Cast: Magic Dart        |    81 |     7 ||    88
       Searing Ray       |     5 |     3 ||     8
       Dazzling Spray    |       |     2 ||     2
  Eat: Chunk             |     4 |     1 ||     5
